 Dungeon Crawl Stone Soup version 0.22.1-2-g9c5b331 (webtiles) character file.

1476 Borgoz the Skirmisher (level 8, -1/71 HPs)
             Began as a Hill Orc Necromancer on Jan 3, 2019.
             Was a Follower of Ru.
             Slain by an orc warrior
             ... wielding a +2 battleaxe of chopping
              (4 damage)
             ... on level 7 of the Dungeon.
             The game lasted 00:17:18 (7035 turns).

Borgoz the Skirmisher (Hill Orc Necromancer)        Turns: 7035, Time: 00:17:19

Health: -1/71      AC:  8    Str: 11    XL:     8   Next: 78%
Magic:  10/10      EV: 10    Int: 15    God:    Ru [*.....]
Gold:   273        SH:  0    Dex: 13    Spells: 6/10 levels left

rFire    + . .     SeeInvis .   a - +0 short sword (venom)
rCold    x . .     Gourm    .   (no shield)
rNeg     . . .     Faith    .   i - +0 leather armour
rPois    .         Spirit   .   d - +2 hat
rElec    .         Reflect  .   (no cloak)
rCorr    .         Harm     .   t - +1 pair of gloves
MR       .....                  (no boots)
Stlth    ++........             B - amulet of rage
HPRegen  0.21/turn              w - ring of fire
MPRegen  0.12/turn              (no ring)

@: no status effects
A: inability to train dodging
a: Renounce Religion, Convert to Beogh, Evoke Berserk Rage


You were on level 7 of the Dungeon.
You worshipped Ru.
Ru was aware of your devotion.
You were very hungry.

You visited 2 branches of the dungeon, and saw 8 of its levels.

You collected 273 gold pieces.

Inventory:

Hand Weapons
 a - a +0 short sword of venom (weapon)
 b - a +0 blowgun
Missiles
 y - 24 poisoned needles
Armour
 d - a +2 hat (worn)
 i - a +0 leather armour (worn)
 j - a +0 ring mail
 t - a +1 pair of gloves (worn)
 F - the +0 leather armour of Valour {MR+, unknown}
   (You found it on level 6 of the Dungeon)

   It affects your resistance to hostile enchantments.
Jewellery
 g - an uncursed amulet of faith
 u - an uncursed amulet of guardian spirit
 w - a ring of fire (left hand)
 B - an amulet of rage (around neck)
Scrolls
 h - a scroll of amnesia {unknown}
 l - a scroll of teleportation {unknown}
 n - a scroll of random uselessness {unknown}
 o - 2 scrolls of magic mapping {unknown}
 q - a scroll of enchant armour {unknown}
 v - a scroll of noise {unknown}
 x - 3 scrolls of fog {unknown}
 z - 2 scrolls of identify {unknown}
 C - a scroll of immolation {unknown}
 D - 2 scrolls of remove curse {unknown}
Potions
 e - a potion of haste {unknown}
 f - 5 potions of heal wounds {unknown}
 k - 2 potions of flight {unknown}
 m - 2 potions of ambrosia {unknown}
 p - 3 potions of degeneration {unknown}
 r - 2 potions of lignification {unknown}
 s - a potion of experience {unknown}
 A - 2 potions of curing {unknown}
Comestibles
 c - 13 rations


   Skills:
 + Level 6.7 Fighting
 + Level 6.3 Armour
   Level 0.0 Dodging
 - Level 1.5 Stealth
 - Level 1.5 Spellcasting
 - Level 4.0 Necromancy
 + Level 3.7 Evocations


You had 6 spell levels left.
You knew the following spells:

 Your Spells              Type           Power        Failure   Level  Hunger
a - Pain                  Necr           ##..         6%          1    ##.....
b - Regeneration          Chrm/Necr      #.........   36%         3    ####...

Your spell library contained the following spells:

 Spells                   Type           Power        Failure   Level  Hunger
 Animate Skeleton         Necr           N/A          6%          1    ##.....
 Vampiric Draining        Necr           ##........   17%         3    ####...
 Confusing Touch          Hex            #.....       30%         1    ##.....
 Animate Dead             Necr           N/A          50%         4    #####..
 Confuse                  Hex            #.......     65%         3    ####...
 Gell's Gravitas          Tloc           #.........   65%         3    ####...
 Petrify                  Tmut/Erth      #.......     96%         4    #####..
 Metabolic Englaciation   Hex/Ice        #.........   100%        5    ######.
 Yara's Violent Unravell  Hex/Tmut       #.........   100%        5    ######.


Dungeon Overview and Level Annotations

Branches:
Dungeon (7/15)             Temple (1/1) D:4

Altars:
Ashenzari
Cheibriados
Dithmenos
Elyvilon
Fedhas
Gozag
Hepliaklqana
Kikubaaqudgha
Makhleb
Nemelex Xobeh
Okawaru
Qazlal
Ru
Sif Muna
Trog
Uskayaw
Vehumet
Wu Jian
Yredelemnul
Zin
The Shining One

Annotations:
D:4 Menkaure


Innate Abilities, Weirdness & Mutations

You cannot train Dodging skill.


Message History

Done exploring.
Done exploring.
(D) Dungeon (T) Temple
Where to? (Enter - D:7, ? - help)
There is a stone staircase leading down, spattered with blood here.
You climb downwards.
A worker ant comes into view.
The orc hits you with a short sword.
The orc warrior hits you with a battleaxe of chopping!
The orc hits you but does no damage. The hungry ghost barely misses you.
The scorpion stings you. The orc closely misses you.
The orc hits you but does no damage.
There is a stone staircase leading up, spattered with blood here.
The orc hits you with a dagger. The hungry ghost misses you.
The scorpion stings you.
* * * LOW HITPOINT WARNING * * *
The orc hits you but does no damage.
The orc warrior hits you with a battleaxe of chopping!
* * * LOW HITPOINT WARNING * * *
You die...

#. #. .# #.##
...a.. .#..#
..o. # .
##.o##.#.#.
....#.oos......
.....Zo@o......
..#...W........
...............
...#...........
.!.............
.#.#.........$.
#.#...........
# .....o......


You could see a hungry ghost, an orc warrior, a scorpion, a worker ant, an orc
priest, 5 orcs and an adder zombie.

Vanquished Creatures
  An acid dragon (D:5)
  2 ice beasts
  3 ogres (D:5)
  A centaur (D:5)
  A bullfrog (D:6)
  2 scorpions
  2 crimson imps
  2 bullfrog skeletons (D:5)
  2 hounds
  A jelly (D:4)
  3 orc wizards (D:6)
  Jessica (D:2)
  2 iguanas
  2 worker ants
  16 adders
  3 gnolls
  4 oozes
  2 dart slugs
  5 leopard geckos
  11 orcs
  4 bats
  3 giant cockroaches
  4 goblins
  3 hobgoblins
  6 jackals
  2 quokkas
  A ball python (D:1)
  7 frilled lizards
  13 kobolds
  A leopard gecko skeleton (D:6)
  2 quokka skeletons (D:4)
  A rat (D:1)
113 creatures vanquished.

Notes
Turn   | Place    | Note
-------+----------+-------------------------------------------
     0 | D:1      | Borgoz the Hill Orc Necromancer began the quest for the
                  | Orb.
     0 | D:1      | Reached XP level 1. HP: 14/14 MP: 3/3
   285 | D:1      | Reached skill level 1 in Armour
   285 | D:1      | Reached XP level 2. HP: 13/20 MP: 0/4
  1120 | D:1      | Reached XP level 3. HP: 18/27 MP: 5/5
  1355 | D:1      | Reached skill level 1 in Fighting
  1747 | D:2      | Reached XP level 4. HP: 25/36 MP: 2/6
  2474 | D:2      | Noticed Jessica
  2481 | D:2      | Killed Jessica
  2481 | D:2      | Reached XP level 5. HP: 22/42 MP: 7/7
  2613 | D:2      | Found a glowing golden altar of the Shining One.
  3207 | D:3      | Found a hide-covered altar of Uskayaw.
  3640 | D:3      | Reached XP level 6. HP: 49/51 MP: 8/8
  3658 | D:4      | Found a shattered altar of Ashenzari.
  3678 | D:4      | Found a staircase to the Ecumenical Temple.
  3684 | Temple   | Entered the Ecumenical Temple
  3759 | Temple   | Became a worshipper of Ru the Awakened
  3796 | D:4      | Noticed a phantom
  3823 | D:4      | Noticed an ice beast
  3857 | D:4      | Killed an ice beast
  4234 | D:4      | Found a white marble altar of Elyvilon.
  4247 | D:4      | Reached XP level 7. HP: 57/60 MP: 6/9
  4590 | D:4      | Noticed a moth of wrath
  4592 | D:4      | Noticed Menkaure
  4593 | D:4      | Found a bloodstained altar of Trog.
  4803 | D:5      | Entered Level 5 of the Dungeon
  4847 | D:5      | Reached skill level 1 in Evocations
  4898 | D:5      | Reached skill level 5 in Fighting
  5094 | D:5      | Reached skill level 5 in Armour
  5400 | D:5      | Reached XP level 8. HP: 51/69 MP: 10/10
  5504 | D:5      | Found an ancient bone altar of Kikubaaqudgha.
  5504 | D:5      | Found a radiant altar of Vehumet.
  5584 | D:5      | Learned a level 3 spell: Regeneration
  5667 | D:5      | Found a sacrificial altar of Ru.
  5953 | D:5      | Gained mutation: You cannot train Dodging skill. [Ru
                  | sacrifice]
  5953 | D:5      | Reached * piety under Ru
  5954 | D:5      | Found a stormy altar of Qazlal.
  5993 | D:5      | Found a radiant altar of Vehumet.
  6376 | D:6      | Got a warped leather armour
  7035 | D:7      | HP: 3/71 [orc warrior/battleaxe of chopping (14)]
  7035 | D:7      | Slain by an orc warrior

Skill      XL: |  1  2  3  4  5  6  7  8 |
---------------+-------------------------+-----
Armour         | 1 2 3 4 5 6 |  6.3
Dodging        | 2 3 4 0 |  0.0
Fighting       | 1 2 3 4 5 6 |  6.7
Evocations     | 2 3 |  3.7
Stealth        | |  1.5
Spellcasting   | |  1.5
Necromancy     | |  4.0

Action                   |  1- 3 |  4- 6 |  7- 9 || total
-------------------------+-------+-------+-------++-------
Melee: Unarmed           |    94 |       |       ||    94
       Dagger            |    14 |    32 |       ||    46
       Short sword       |       |   186 |   239 ||   425
 Cast: Pain              |    27 |    16 |    10 ||    53
       Regeneration      |       |       |     1 ||     1
Invok: Sacrifice Nimblen |       |       |     1 ||     1
 Abil: Evoke Berserk Rag |       |       |     1 ||     1
 Stab: Sleeping          |       |     5 |     1 ||     6
       Distracted        |       |       |     1 ||     1
  Eat: Chunk             |     3 |     8 |     7 ||    18
       Ration            |       |       |     1 ||     1
Armor: Leather armour    |    46 |    51 |    68 ||   165
Dodge: Dodged            |    99 |   154 |   156 ||   409
